 Dungeon Crawl Stone Soup version 0.31-a0-202-g547052bce9 (webtiles) character file.

Game seed: 1470768181222465371

49 qw the Shooter (level 3, -4/20 HPs)
             Began as a Deep Elf Hunter on June 26, 2023.
             Killed by nerve-wracking pain
             ... invoked by an orc priest
              (14 damage)
             ... on level 3 of the Dungeon.
             The game lasted 00:00:26 (1549 turns).

qw the Shooter (Deep Elf Hunter)                    Turns: 1549, Time: 00:00:27

Health: -4/20      AC:  7    Str: 10    XL:     3   Next: 51%
Magic:  5/5        EV:  9    Int: 13    God:
Gold:   133        SH:  0    Dex: 18    Spells: 2/2 levels left

rFire   . . .        Y - +0 shortbow
rCold   . . .        (shield currently unavailable)
rNeg    . . .        e - +0 scale mail
rPois   .            (no helmet)
rElec   .            (no cloak)
rCorr   .            k - +0 pair of gloves
SInv    .            (no boots)
Will    .....        i - amulet of regeneration
Stlth   +            (no ring)
HPRegen 1.03/turn    (no ring)
MPRegen 0.09/turn

%: no passive effects
@: no status effects
A: no striking features
a: no special abilities


You were on level 3 of the Dungeon.
You visited 1 branch of the dungeon, and saw 3 of its levels.

You collected 133 gold pieces.


   Skills:
 - Level 1.5 Fighting
 + Level 7.0 Ranged Weapons
 - Level 2.4 Dodging
 - Level 1.2 Stealth


You had 2 spell levels left.
You didn't know any spells.
Your spell library was empty.

Inventory:

Hand Weapons
 Y - a +0 shortbow (weapon)
Armour
 e - a +0 scale mail (worn)
 k - a +0 pair of gloves (worn)
Jewellery
 i - an amulet of regeneration (around neck)
Scrolls
 a - 3 scrolls of teleportation
 b - a scroll of fog {unknown}
 f - a scroll of identify
Potions
 d - a potion of enlightenment {unknown}
 g - 2 potions of curing {unknown}
 j - a potion of haste {unknown}

Dungeon Overview and Level Annotations

Branches:
Dungeon (3/15)

Altars:


Message History

b - a scroll labelled WUNLUXK QYFETH
Enter note:
Enter note:
Enter note:
Enter note: A bat comes into view.
Enter note:
Enter note:
Enter note:
Enter note: You shoot an arrow.
The arrow hits the bat.
You kill the bat!
You now have 133 gold pieces (gained 15).
You see here a bat corpse.
a - 3 scrolls of teleportation (gained 1)
An orc priest comes into view. It is wielding a +0 club.
The orc priest shouts!
You see here a fuming grey potion.
Enter note:
Enter note:
Enter note:
Enter note: You shoot an arrow.
The arrow hits the orc priest but does no damage.
An orc comes into view. It is wielding a +0 hand axe.
You shoot an arrow. The orc shouts!
The arrow hits the orc priest but does no damage.
You hear a shout!
You shoot an arrow. The arrow hits the orc priest!
The orc priest is heavily wounded.
The orc priest invokes the aid of Beogh against you.
Beogh smites you!
Ouch! That really hurt!
An orc comes into view. It is wielding a +0 hand axe.
You shoot an arrow. The arrow barely misses the orc priest.
The orc priest calls down the wrath of Beogh upon you.
Pain shoots through your body!
Ouch! That really hurt!
You die...

.#......###.................
.........##..#..#...#....#
..........#...#..........#..
..........#........%........
..........#..#...........#..
..........##.##..........#
..........##.#...........#
..........##...............
.........###.#..@........#..
.#......## ..#...........# .
.#.###### ...[..o.......#
...######....##..o.......#
..........##. ####...#####
..........## ...#
..........# o..# ...>......#
.... .#....##...


You could see an orc priest and 2 orcs.

Vanquished Creatures
  A gnoll (D:1)
  A dart slug (D:3)
  6 ball pythons
  4 endoplasms
  7 goblins
  3 quokkas
  5 bats
  2 frilled lizards
  A kobold (D:1)
  A rat (D:1)
31 creatures vanquished.

Notes
Turn   | Place    | Note
-------+----------+-------------------------------------------
     0 | D:1      | qw the Deep Elf Hunter began the quest for the Orb.
     0 | D:1      | Reached XP level 1. HP: 12/12 MP: 3/3
     0 | D:1      | 0 ||| qw: Version: 0.3-a-22-g0ed2b0b
     0 | D:1      | 0 ||| qw: Game counter: 5897
     0 | D:1      | 0 ||| qw: Melee chars always use a shield: true
     0 | D:1      | 0 ||| qw: God list: Okawaru
     0 | D:1      | 0 ||| qw: Allow faded altars: false
     0 | D:1      | 0 ||| qw: Do Orc after clearing Dungeon:15 true
     0 | D:1      | 0 ||| qw: Do second Lair branch before Depths: true
     0 | D:1      | 0 ||| qw: Lair rune preference: random
     0 | D:1      | 0 ||| qw: Goals: Normal
     0 | D:1      | 0 ||| PLANNING D:1-11
   444 | D:1      | Reached skill level 6 in Ranged Weapons
   444 | D:1      | Reached XP level 2. HP: 13/16 MP: 4/4
   638 | D:1      | 638 ||| UPGRADING to amulet of regeneration.
   643 | D:1      | 643 ||| READING 2 scrolls labelled TOIROI OQAE.
   647 | D:1      | 647 ||| READING scroll labelled PIJIKHAREC.
   648 | D:1      | 648 ||| READING scroll labelled FOFIMIROIRR.
   649 | D:1      | 649 ||| DROPPING scroll of butterflies.
   776 | D:2      | Reached XP level 3. HP: 20/20 MP: 5/5
  1356 | D:2      | 1356 ||| UPGRADING to +0 scale mail.
  1366 | D:2      | 1366 ||| DROPPING +0 leather armour.
  1367 | D:2      | 1367 ||| UPGRADING to +0 pair of gloves.
  1372 | D:2      | 1372 ||| DROPPING ring of wizardry.
  1373 | D:2      | 1373 ||| READING scroll labelled HITIFR TULOO.
  1374 | D:2      | 1374 ||| READING 2 scrolls labelled OVUBYE ARHIMIURCH.
  1489 | D:3      | Reached skill level 7 in Ranged Weapons
  1549 | D:3      | Killed from afar by an orc priest

Levels and vault maps discovered:
D:1:      saegor_arrival_fortress, layout_basic
D:2:      layout_loops_corners
D:3:      layout_rooms, mrwooster_statue_mirror,
          hangedman_abyss_or_decor_lesser_grid, wad_floor_pattern_1,
          serial_park_tiny_pond, minmay_fractal_squares_gapless_5

Skill      XL: |  1  2  3 |
---------------+----------+-----
Ranged Weapons | 6 7 |  7.0
Fighting       | |  1.5
Dodging        | |  2.4
Stealth        | |  1.2

Action                     || total
---------------------------++-------
   Fire: Shortbow          ||    61
    Use: Scroll            ||     5
 Armour: Leather armour    ||     1
         Scale mail        ||     1
  Dodge: Dodged            ||     2

Table legend:
 A = Non-vault XP
 B = Vault XP
 C = Vault XP percentage of total XP
 D = Non-vault monster count
 E = Vault monster count
 F = Vault count percentage of total count
                 A         B        C        D         E       F
            +---------+---------+-------+---------+---------+-------
      Total |      70 |       0 |   0.0 |      31 |       0 |   0.0
            +---------+---------+-------+---------+---------+-------
        D:1 |      36 |       0 |   0.0 |      14 |       0 |   0.0
        D:2 |      20 |       0 |   0.0 |      11 |       0 |   0.0
        D:3 |      14 |       0 |   0.0 |       6 |       0 |   0.0
            +---------+---------+-------+---------+---------+-------
